 Dungeon Crawl Stone Soup version 0.16-a0-282-ga87e286 (webtiles) character file.

135 Herrn the Ruinous (level 5, 11/28 HPs)
             Began as a Tengu Air Elementalist on Aug 27, 2014.
             Quit the game on Level 4 of the Dungeon.
             The game lasted 00:14:23 (3698 turns).

Herrn the Ruinous (Tengu Air Elementalist)          Turns: 3698, Time: 00:14:24

HP  11/28        AC  3     Str  8      XL: 5   Next: 18%
MP   6/13        EV 15     Int 21      God:
Gold 217         SH  0     Dex 15      Spells:  1 memorised, 10 levels left

rFire  . . .     SeeInvis .     (no weapon)
rCold  . . .     Clarity  .     m - +1 robe
rNeg   . . .     rCorr    .     (no shield)
rPois  .         rRot     .     (helmet restricted)
rElec  .         Spirit   .     (no cloak)
SustAb .         Warding  .     (no gloves)
rMut   .         Stasis   .     (boots unavailable)
Gourm  .                        (no amulet)
MR     .....                    (no ring)
                                q - ring of stealth

@: brilliant, lethally poisoned, flying quickly and evasively, quick, not
resistant to hostile enchantments, fairly stealthy
A: able to fly, beak, talons 3
a: no special abilities


You were on level 4 of the Dungeon.
You were not hungry.

You visited 1 branch of the dungeon, and saw 4 of its levels.

You collected 217 gold pieces.

Inventory:

Armour
 m - a +1 robe (worn)
Comestibles
 a - 4 meat rations
 c - 2 bread rations
 i - 2 beef jerkies
 j - 4 fruits
 t - 2 chunks of orc flesh
Scrolls
 d - a scroll of noise {unknown}
 e - 2 scrolls of enchant armour
 f - 2 scrolls of random uselessness {unknown}
 g - a scroll of blinking {unknown}
 h - 3 scrolls of teleportation {unknown}
 k - a scroll of fog {unknown}
 l - 2 scrolls of identify {unknown}
 n - 2 scrolls of recharging {unknown}
 o - a scroll of magic mapping {unknown}
 r - a scroll of remove curse {unknown}
 s - a scroll of immolation {unknown}
Jewellery
 q - a ring of stealth (left hand)
Books
 b - a book of Air

   Spells                             Type                      Level
   *Shock                             Conjuration/Air              1
   Swiftness                          Charms/Air                   2
   Repel Missiles                     Charms/Air                   2
   Flight                             Charms/Air                   3
   Static Discharge                   Conjuration/Air              3
   Lightning Bolt                     Conjuration/Air              5


   Skills:
 * Level 2.2 Dodging
 - Level 2.0 Stealth
 * Level 3.5 Spellcasting
 * Level 4.7 Conjurations
 - Level 4.0 Air Magic


You had 10 spell levels left.
You knew the following spells:

 Your Spells              Type           Power        Failure   Level  Hunger
a - Shock                 Conj/Air       ####         1%          1    None


Dungeon Overview and Level Annotations

Branches:
Dungeon (4/15)
 Temple: D:4-7

Altars:

Annotations:
D:2 Sigmund


Innate Abilities, Weirdness & Mutations

You can fly.
You have a beak for a mouth.
You have claws for feet.


Message History

The water moccasin misses you. The water moccasin bites you.
Drink which item? (? for menu, Esc to quit)
You feel clever all of a sudden.
It was a potion of brilliance.
The water moccasin bites you.
You are poisoned.
The water moccasin poisons you!
Drink which item? (? for menu, Esc to quit)
You feel very buoyant.
You swoop lightly up into the air.
It was a potion of flight.
You feel sick. The water moccasin bites you.
The water moccasin barely misses you.
Drink which item? (? for menu, Esc to quit)
You feel refreshed.
It was a potion of restore abilities.
You feel sick. The water moccasin closely misses you.
Unknown command.
Unknown command.
You aren't carrying any potions.
Unknown command.
Unknown command.
Unknown command.
Are you sure you want to abandon this character and quit the game? (Confirm with "yes".)

... ##..#...# . #.....###
#..####..###..## #..
##......## #.......#
#..###..............
#...)...#
#..#..####.........
#.......## #....#
#.......#. #.####)..##
#...# #.....##.. .
#....###..# #....##...
#........S### #....#....
#........@..# ..........
##...#..###...# .........#
.###
#........####.............#
.....#...(....#
#).%.####....#
.........)###...# ..###
#....# ..#####.##
##...###.## #..... #)#
#...#..# #..... #.## #.....
#..... ##..### #....#
##....#


You could see a water moccasin.

Vanquished Creatures
  5 adders
  3 worms
  An ooze (D:2)
  3 orcs (D:4)
  2 ball pythons
  7 bats
  7 giant cockroaches
  8 goblins
  8 hobgoblins
  3 quokkas
  3 giant geckos
  2 giant newts
  9 kobolds
  6 rats
67 creatures vanquished.

Vanquished Creatures (others)
  5 toadstools (D:1)
5 creatures vanquished.

Grand Total: 72 creatures vanquished

Notes
Turn   | Place    | Note
--------------------------------------------------------------
     0 | D:1      | Herrn, the Tengu Air Elementalist, began the quest for the Orb.
     0 | D:1      | Reached XP level 1. HP: 10/10 MP: 3/3
   305 | D:1      | Reached XP level 2. HP: 9/15 MP: 0/5
  1211 | D:2      | Reached XP level 3. HP: 19/19 MP: 0/7
  1286 | D:2      | Noticed Sigmund
  2023 | D:2      | Reached XP level 4. HP: 18/24 MP: 0/10
  3261 | D:4      | Reached XP level 5. HP: 28/28 MP: 11/13
  3668 | D:4      | Noticed a water moccasin
  3698 | D:4      | Quit the game

Action                   |  1- 3 |  4- 6 || total
-------------------------+-------+-------++-------
Melee: Unarmed           |    26 |    10 ||    36
 Cast: Shock             |    87 |    97 ||   184
  Use: Scroll            |       |     1 ||     1
       Potion            |       |     3 ||     3
  Eat: Chunk             |     3 |     5 ||     8
       Fruit             |       |     1 ||     1
